 Dungeon Crawl Stone Soup version 0.23.2-33-g5129a83184 (webtiles) character file.

Game seed: 17724681114538642583

1008 MelsaHvarei the Geomancer (level 8, -2/41 HPs)
             Began as a Gargoyle Earth Elementalist on July 22, 2019.
             Killed by divine providence
             ... invoked by an orc priest
              (11 damage)
             ... on level 5 of the Dungeon.
             The game lasted 00:20:12 (5979 turns).

MelsaHvarei the Geomancer (GrEE)                    Turns: 5979, Time: 00:20:13

Health: -2/41      AC:  9    Str: 10 (13) XL:     8   Next: 20%
Magic:  6/11       EV: 12    Int: 15 (17) God:
Gold:   296        SH:  0    Dex: 11 (13) Spells: 5/11 levels left

rFire    + . .     SeeInvis +   s - +2 dagger (vamp)
rCold    + . .     Gourm    .   (no shield)
rNeg     + . .     Faith    .   c - +2 robe
rPois    ∞         Spirit   .   (no helmet)
rElec    +         Reflect  .   g - scarf {rC+ rF+}
rCorr    .         Harm     .   (no gloves)
MR       .....                  (no boots)
Stlth    +++.......             (no amulet)
HPRegen  0.13/turn              e - +3 ring of dexterity
MPRegen  0.12/turn              n - ring of see invisible

@: very slightly contaminated, starving
A: negative energy resistance 1, electricity resistance, unbreathing,
petrification resistance, rot immunity, AC +5
a: no special abilities


You were on level 5 of the Dungeon.
You were starving.

You visited 1 branch of the dungeon, and saw 5 of its levels.

You collected 296 gold pieces.

Inventory:

Hand Weapons
 p - a +0 dagger
 s - a +2 vampiric dagger (weapon)
Missiles
 b - 38 stones (quivered)
Armour
 c - a +2 robe (worn)
 g - a scarf of resistance (worn)
Jewellery
 e - a +3 ring of dexterity (left hand)
 k - an uncursed ring of ice
 n - a ring of see invisible (right hand)
 t - an uncursed ring of resist corrosion
 w - an uncursed amulet of harm
Wands
 q - a wand of iceblast (15)
Scrolls
 a - a scroll of fog {unknown}
 f - 4 scrolls of teleportation {unknown}
 l - a scroll of random uselessness {unknown}
 m - a scroll of fear {unknown}
 r - 2 scrolls of remove curse
 u - a scroll of blinking {unknown}
Potions
 h - a potion of lignification {unknown}
 i - a potion of degeneration
 j - a potion of resistance
 o - a potion of haste {unknown}
 v - a potion of heal wounds {unknown}
 x - a potion of brilliance {unknown}
 z - a potion of curing
Comestibles
 d - 8 rations


   Skills:
 - Level 1.5 Dodging
 + Level 7.0 Stealth
 - Level 2.0 Spellcasting
 - Level 0.7 Transmutations
 * Level 9.5 Earth Magic


You had 5 spell levels left.
You knew the following spells:

 Your Spells              Type           Power        Failure   Level  Hunger
a - Sandblast             Erth           ####..       1%          1    #......
b - Passwall              Tmut/Erth      ###.....     4%          2    ###....
c - Stone Arrow           Conj/Erth      ###...       10%         3    ###....

Your spell library contained the following spells:

 Spells                   Type           Power        Failure   Level  Hunger
 Lee's Rapid Deconstruct  Erth           ####......   12%         5    ######.
 Beastly Appendage        Tmut           #.....       17%         1    #......
 Sticks to Snakes         Tmut           #.......     26%         2    ###....
 Petrify                  Tmut/Erth      ###.....     26%         4    #####..
 Spider Form              Tmut/Pois      #.........   50%         3    ###....
 Ice Form                 Ice/Tmut       #.......     88%         4    #####..
 Blade Hands              Tmut           #.........   99%         5    ######.


Dungeon Overview and Level Annotations

Branches:
Dungeon (5/15)
 Temple: D:4-7

Altars:
Fedhas
Makhleb
Ru
Zin

Annotations:
D:4 1 runed translucent door, Paps's ghost, novice DsAK


Innate Abilities, Weirdness & Mutations

You are resistant to torment.
Your stone body is resilient. (AC +5)
You are immune to poison.
You resist negative energy. (rN+)
You are resistant to electric shocks. (rElec)
You can survive without breathing.
You are immune to petrification.
You are immune to rotting.


Message History

The orc priest is lightly wounded.
The orc priest closely misses you. The orc closely misses you.
You barely miss the orc priest.
The orc priest is lightly wounded.
The orc priest closely misses you. The orc closely misses you.
You hit the orc priest but do no damage.
The orc priest is lightly wounded.
The orc priest mumbles some strange prayers to Beogh against you.
Beogh smites you!
* * * LOW HITPOINT WARNING * * *
The orc completely misses you.
You barely miss the orc priest.
The orc priest is lightly wounded.
The orc priest closely misses you. The orc hits you.
* * * LOW HITPOINT WARNING * * *
Unknown command.
You closely miss the orc.
The orc priest invokes the aid of Beogh against you.
Beogh smites you!
You die...

# .#########
.........#########
#..>..(.(†......#
#.#####.#######.#
#..@o....# #.#
......##o###.# #.#
#...#
#.###.###.#######
..#
.................
#
.#.###.######.####
#.#.. #.# # ###
#.#### #.....
######


You could see an orc priest and an orc.

Vanquished Creatures
  A sky beast (D:5)
  An ice beast (D:5)
  2 ogres
  2 phantoms
  A centaur (D:5)
  A hound (D:4)
  An orc priest (D:4)
  An iguana (D:4)
  An orc wizard (D:4)
  A worker ant (D:5)
  9 adders
  7 gnolls
  A shadow imp (D:5)
  2 oozes (D:3)
  4 worms
  2 dart slugs (D:1)
  3 leopard geckos
  11 orcs
  A ball python (D:3)
  3 giant cockroaches
  10 hobgoblins
  2 jackals (D:3)
  3 quokkas
  5 bats
  3 frilled lizards
  5 goblins
  4 kobolds
  6 rats
93 creatures vanquished.

Notes
Turn   | Place    | Note
-------+----------+-------------------------------------------
     0 | D:1      | MelsaHvarei the Gargoyle Earth Elementalist began the quest
                  | for the Orb.
     0 | D:1      | Reached XP level 1. HP: 10/10 MP: 3/3
   153 | D:1      | Reached XP level 2. HP: 15/15 MP: 1/5
   159 | D:1      | Reached skill level 4 in Earth Magic
   408 | D:1      | Learned a level 2 spell: Passwall
  1146 | D:1      | Reached XP level 3. HP: 9/19 MP: 0/6
  1315 | D:1      | Learned a level 3 spell: Stone Arrow
  1741 | D:2      | Reached XP level 4. HP: 24/24 MP: 4/7
  2205 | D:2      | Reached skill level 5 in Earth Magic
  2732 | D:3      | Found a sacrificial altar of Ru.
  2791 | D:3      | Noticed a phantom
  2848 | D:3      | Killed a phantom
  2848 | D:3      | Reached skill level 6 in Earth Magic
  2848 | D:3      | Reached XP level 5. HP: 14/28 MP: 0/8
  3026 | D:3      | Noticed an ogre
  3233 | D:3      | Killed an ogre
  3233 | D:3      | Reached skill level 5 in Stealth
  3233 | D:3      | Reached XP level 6. HP: 32/32 MP: 0/9
  3950 | D:3      | Reached skill level 7 in Earth Magic
  4362 | D:3      | Found a faded altar of an unknown god.
  4702 | D:4      | Found a burning altar of Makhleb.
  4707 | D:4      | Found a glowing silver altar of Zin.
  4707 | D:4      | Noticed a blizzard demon
  4707 | D:4      | Noticed an angel
  4727 | D:4      | Found a runed translucent door.
  4739 | D:4      | Noticed Paps's ghost (novice DsAK)
  4820 | D:4      | Reached XP level 7. HP: 36/36 MP: 6/10
  5029 | D:3      | Found a blossoming altar of Fedhas.
  5341 | D:4      | Reached skill level 8 in Earth Magic
  5567 | D:5      | Entered Level 5 of the Dungeon
  5764 | D:5      | Reached skill level 9 in Earth Magic
  5834 | D:5      | Reached XP level 8. HP: 41/41 MP: 4/11
  5979 | D:5      | Killed from afar by an orc priest

Skill      XL: |  1  2  3  4  5  6  7  8 |
---------------+-------------------------+-----
Earth Magic    | 4 6 7 9 |  9.5
Stealth        | 3 4 5 6 7 |  7.0
Dodging        | |  1.5
Spellcasting   | |  2.0
Transmutations | |  0.7

Action                   |  1- 3 |  4- 6 |  7- 9 || total
-------------------------+-------+-------+-------++-------
Melee: Unarmed           |    23 |    56 |       ||    79
       Dagger            |       |     6 |    60 ||    66
 Cast: Sandblast         |    24 |    51 |    40 ||   115
       Passwall          |     1 |       |       ||     1
       Stone Arrow       |     2 |    30 |     3 ||    35
  Use: Scroll            |     4 |     3 |     2 ||     9
       Potion            |     1 |       |     2 ||     3
 Stab: Sleeping          |       |     4 |     3 ||     7
  Eat: Chunk             |     3 |    14 |     1 ||    18
       Ration            |       |       |     2 ||     2
Armor: Robe              |    13 |    24 |    25 ||    62
Dodge: Dodged            |    24 |    51 |    39 ||   114
